 Dungeon Crawl Stone Soup version 0.19.1 (webtiles) character file.

1311 Gwiny the Changer (level 8, -1/52 HPs)
             Began as an Octopode Transmuter on Dec 9, 2016.
             Was an Initiate of Ashenzari.
             Slain by a wight
             ... wielding a +3 flail of freezing
              (15 damage)
             ... on level 6 of the Dungeon.
             The game lasted 00:34:11 (6945 turns).

Gwiny the Changer (Octopode Transmuter)             Turns: 6945, Time: 00:34:12

Health: -1/52      AC:  2    Str:  9    XL:     8   Next: 58%
Magic:  13/14      EV: 24    Int: 16    God:    Ashenzari [......]
Gold:   287        SH:  0    Dex: 19    Spells: 3 memorised, 6 levels left

rFire  . . .     SeeInvis .       - Unarmed
rCold  . . .     Gourm    .     (shield currently unavailable)
rNeg   . . .     Faith    .     (helmet currently unavailable)
rPois  x         Spirit   .     n - amulet of magic regeneration (curse)
rElec  .         Reflect  .     (no ring)
rCorr  .         Harm     .     (no ring)
MR     .....                    (no ring)
Stlth  ++........               (no ring)
                                (no ring)
                                (no ring)
                                (no ring)
                                (no ring)

@: spider-form, drained
A: almost no armour, stealthy swim, (amphibious), 8 rings, (constrict 8),
(camouflage 0), (gelatinous body 0)
a: End Transformation, Curse Item, Renounce Religion


You were on level 6 of the Dungeon.
You worshipped Ashenzari.
Ashenzari was noncommittal.
You were not hungry.
You were a venomous arachnid creature.
You visited 2 branches of the dungeon, and saw 8 of its levels.

You collected 287 gold pieces.

Inventory:

Missiles
 t - 83 stones (quivered)
Jewellery
 n - a cursed amulet of magic regeneration (around neck)
Wands
 a - a wand of polymorph (13/24)
Scrolls
 l - 2 scrolls of recharging
 m - a scroll of immolation {unknown}
 o - a scroll of random uselessness {unknown}
 q - 4 scrolls of teleportation
 r - 2 scrolls of remove curse
 u - 2 scrolls of blinking {unknown}
Potions
 d - a potion of cancellation {unknown}
 e - a potion of flight
 f - a potion of berserk rage {unknown}
 g - a potion of magic {unknown}
 j - 4 potions of curing
 k - a potion of lignification {unknown}
 s - a potion of might {unknown}
 v - a potion of resistance {unknown}
 z - a potion of brilliance {unknown}
Books
 b - a book of Changes

   Spells                             Type                      Level
   a - Beastly Appendage              Transmutation                1
   b - Sticks to Snakes               Transmutation                2
   c - Spider Form                    Transmutation/Poison         3
   d - Ice Form                       Ice/Transmutation            4
   e - Blade Hands                    Transmutation                5
 y - a book of Geomancy

   Spells                             Type                      Level
   a - Sandblast                      Earth                        1
   b - Passwall                       Transmutation/Earth          2
   c - Stone Arrow                    Conjuration/Earth            3
   d - Petrify                        Transmutation/Earth          4
   e - Lee's Rapid Deconstruction     Earth                        5
Comestibles
 c - 4 bread rations
 p - 2 beef jerkies
 x - a meat ration


   Skills:
 - Level 3.0(2.7) Fighting
 + Level 5.2(4.9) Dodging
 + Level 5.1(4.9) Unarmed Combat
 + Level 4.1(3.9) Spellcasting
 * Level 6.2(6.0) Transmutations


You had 6 spell levels left.
You knew the following spells:

 Your Spells              Type           Power        Failure   Level  Hunger
a - Beastly Appendage     Tmut           ###...       6%          1    None
b - Spider Form           Tmut/Pois      ##........   32%         3    ###....
c - Blade Hands           Tmut           ###.......   61%         5    ######.


Dungeon Overview and Level Annotations

Branches:
Dungeon (7/15)             Temple (1/1) D:5

Altars:
Ashenzari
Cheibriados
Dithmenos
Elyvilon
Fedhas
Gozag
Hepliaklqana
Kikubaaqudgha
Makhleb
Nemelex Xobeh
Okawaru
Qazlal
Ru
Sif Muna
Trog
Uskayaw
Vehumet
Xom
Yredelemnul
Zin
The Shining One
Jiyva

Annotations:
D:5 Pikel


Innate Abilities, Weirdness & Mutations

You cannot wear most types of armour.
You are very stealthy in the water. (Stealth+)
((You are amphibious.))
You can wear up to eight rings at the same time.
((You can use your tentacles to constrict eight enemies at once.))
((Your skin changes colour to match your surroundings (Stealth+).))
((Your rubbery body absorbs attacks. (AC +1, EV +1)))


Message History

You hit the wight.
The wight is heavily damaged.
The wight misses you.
You hit the wight but do no damage.
The wight is heavily damaged.
The wight hits you with a flail of freezing!
The wight freezes you.
* * * LOW HITPOINT WARNING * * *
You hit the wight but do no damage.
The wight is heavily damaged.
You hit the wight.
The wight is heavily damaged.
The wight misses you.
You hit the wight.
The wight is almost destroyed.
The wight barely misses you.
You hit the wight but do no damage.
The wight is almost destroyed.
The wight hits you with a flail of freezing!
You die...

#[#)###### #.. #....# #.###
###).# #.##. ###.#..####### #.##.
#............## #.#..
######.#.##........######.#p.
#........##........#....ppp..
#..................#.####.#..
#..##.......s.#....#.####.###
#...........z......[...##.###
#####..)..........#......#.##.#..
#.....<..........................
#.........#..........#)#.#.###...
#.........+.................##...
#.........#.......##.#.#...###.##
###########.......####<##.####.##
#......................


You could see a wight.

Vanquished Creatures
  Eustachio (D:6)
  2 black bears (D:6)
  4 slaves
  A phantom (D:6)
  A water moccasin skeleton (D:5)
  A howler monkey (D:4)
  2 wights (D:6)
  A crimson imp (D:6)
  A bullfrog zombie (D:5)
  3 orc priests (D:6)
  4 orc wizards
  A bullfrog skeleton (D:5)
  3 iguanas
  Jessica (D:2)
  5 worker ants
  3 gnolls (D:4)
  5 adders
  An ooze (D:2)
  3 worms
  2 dart slugs
  5 leopard geckos
  20 orcs
  5 bats
  5 giant cockroaches
  15 goblins
  5 hobgoblins
  8 jackals
  2 quokkas
  2 ball pythons
  9 frilled lizards
  8 kobolds
  A quokka zombie (D:6)
  5 rats
135 creatures vanquished.

Notes
Turn   | Place    | Note
-------+----------+-------------------------------------------
     0 | D:1      | Gwiny the Octopode Transmuter began the quest for the Orb.
     0 | D:1      | Reached XP level 1. HP: 13/13 MP: 3/3
   212 | D:1      | Reached XP level 2. HP: 14/18 MP: 3/5
   835 | D:1      | Reached XP level 3. HP: 17/23 MP: 4/6
   985 | D:2      | Learned a level 3 spell: Spider Form
  1436 | D:2      | Found a snail-covered altar of Cheibriados.
  1458 | D:2      | Found a sacrificial altar of Ru.
  1460 | D:2      | Found a radiant altar of Vehumet.
  1473 | D:2      | Found a stormy altar of Qazlal.
  1571 | D:2      | Reached XP level 4. HP: 18/29 MP: 5/7
  1766 | D:2      | Found a glowing golden altar of the Shining One.
  1780 | D:2      | Noticed Jessica
  1901 | D:2      | Killed Jessica
  1901 | D:2      | Reached skill level 3 in Transmutations
  2225 | D:3      | Reached XP level 5. HP: 34/34 MP: 4/8
  2954 | D:3      | Found an ancient bone altar of Kikubaaqudgha.
  3125 | D:4      | Found a hazy altar of Hepliaklqana.
  3125 | D:4      | Found a glowing silver altar of Zin.
  3597 | D:4      | Noticed an ogre
  3610 | D:4      | Reached XP level 6. HP: 33/40 MP: 7/10
  4146 | D:4      | Reached skill level 4 in Transmutations
  4536 | D:5      | Entered Level 5 of the Dungeon
  4581 | D:5      | Found a staircase to the Ecumenical Temple.
  4627 | D:5      | Found a sparkling altar of Nemelex Xobeh.
  4671 | Temple   | Entered the Ecumenical Temple
  4837 | Temple   | Became a worshipper of Ashenzari the Shackled
  4912 | D:5      | Reached XP level 7. HP: 43/45 MP: 9/11
  5110 | D:5      | You fall through a shaft!
  5330 | D:6      | Learned a level 5 spell: Blade Hands
  5520 | D:6      | Reached skill level 5 in Transmutations
  5571 | D:6      | Found Kexirgh's Antique Weapon Boutique.
  5571 | D:6      | Found a bloodstained altar of Trog.
  5579 | D:6      | Noticed Eustachio
  5628 | D:6      | Killed Eustachio
  5628 | D:6      | Reached XP level 8. HP: 52/52 MP: 13/13
  5659 | D:6      | Noticed Pikel
  6704 | D:6      | Reached skill level 5 in Dodging
  6704 | D:6      | Reached skill level 5 in Unarmed Combat
  6706 | D:6      | Reached skill level 6 in Transmutations
  6945 | D:6      | Slain by a wight

Skill      XL: |  1  2  3  4  5  6  7  8 |
---------------+-------------------------+-----
Fighting       | 2 3 |  3.0
Dodging        | 3 4 5 |  5.2
Transmutations | 3 4 5 6 |  6.2
Spellcasting   | 3 4 |  4.1
Unarmed Combat | 4 5 |  5.1

Action                   |  1- 3 |  4- 6 |  7- 9 || total
-------------------------+-------+-------+-------++-------
Melee: Unarmed           |    73 |   191 |   174 ||   438
       Constrict         |    21 |    35 |    16 ||    72
       Kick              |    13 |    19 |     9 ||    41
       Tentacles         |    12 |    22 |    16 ||    50
       Punch             |     2 |     6 |     4 ||    12
 Cast: Beastly Appendage |    20 |    12 |     5 ||    37
       Spider Form       |       |     6 |    10 ||    16
       Blade Hands       |       |       |     1 ||     1
Invok: Curse Item        |       |     1 |       ||     1
  Use: Scroll            |       |     2 |     3 ||     5
       Potion            |       |     2 |     2 ||     4
 Stab: Sleeping          |     4 |     9 |     2 ||    15
  Eat: Chunk             |     2 |    11 |     9 ||    22
Armor: Skin              |     4 |     6 |     5 ||    15
Dodge: Dodged            |    35 |   119 |   161 ||   315
